 Dungeon Crawl Stone Soup version 0.30.0-15-g856e2d3f33 (webtiles) character file.

Game seed: 9240656621697095713

6 browni3141 the Caller (level 1, 0/13 HPs)
             Began as a Mummy Summoner on May 19, 2023.
             Shot with a sling bullet by a goblin (4 damage)
             ... on level 2 of the Dungeon.
             The game lasted 00:01:43 (147 turns).

browni3141 the Caller (Mummy Summoner)               Turns: 147, Time: 00:01:43

Health: 0/13       AC:  2    Str: 11    XL:     1   Next: 75%
Magic:  0/4        EV: 12    Int: 14    God:
Gold:   20         SH:  0    Dex: 12    Spells: 4/5 levels left

rFire   x . .        b - +0 rapier
rCold   + . .        (no shield)
rNeg    + + +        a - +0 robe
rPois   ∞            (no helmet)
rElec   .            (no cloak)
rCorr   .            (no gloves)
SInv    .            (no boots)
Will    .....        (no amulet)
Stlth   ++           (no ring)
HPRegen 0.22/turn    (no ring)
MPRegen 0.09/turn

%: faith
@: no status effects
A: cold resistance 1, negative energy resistance 3, torment resistance 2, heat
vulnerability 1, no potions, faith
a: no special abilities


You were on level 2 of the Dungeon.
You visited 1 branch of the dungeon, and saw 2 of its levels.

You collected 20 gold pieces.

Inventory:

Hand Weapons
 b - a +0 rapier (weapon)
Armour
 a - a +0 robe (worn)
Scrolls
 c - a scroll of noise {unknown}


   Skills:
 + Level 1.7 Dodging
 + Level 1.7 Stealth
 + Level 2.8 Spellcasting
 + Level 3.3 Summonings


You had 4 spell levels left.
You knew the following spells:

 Your Spells              Type           Power      Damage    Failure   Level
z - Summon Small Mammal   Summ           44%        N/A       5%          1

Your spell library contained the following spells:

 Spells                   Type           Power      Damage    Failure   Level
 Call Imp                 Summ           22%        N/A       9%          2
 Call Canine Familiar     Summ           11%        N/A       17%         3
 Summon Guardian Golem    Hex/Summ       6%         N/A       32%         3
 Summon Lightning Spire   Summ/Air       6%         N/A       73%         4


Dungeon Overview and Level Annotations

Branches:
Dungeon (2/15)

Altars:


Innate Abilities, Weirdness & Mutations

You are immune to poison.
Your flesh is cold resistant. (rC+)
You are immune to negative energy. (rN+++)
You are immune to unholy pain and torment.
You are vulnerable to heat. (rF-)
You do not drink.
You have a special connection with the divine. (Faith)


Message History

The jackal is heavily wounded.
Your bat closely misses the jackal.
The jackal bites you.
* * * LOW HITPOINT WARNING * * *
Your rat bites the jackal.
Your bat misses the jackal.
The jackal bites your rat but does no damage.
Your rat closely misses the jackal.
The jackal bites your rat.
Your rat dies!
Your rat's corpse disappears in a puff of smoke!
Casting: Summon Small Mammal (safe; 5% risk of failure)
Press: ? - help, Q - select action Dir - look around, f - activate Your bat barely misses the jackal.
Your bat hits the jackal but does no damage.
The jackal bites your rat.
Your bat misses the jackal. Your bat hits the jackal.
Your bat hits the jackal but does no damage.
Your rat barely misses the jackal.
The jackal closely misses your bat.
You hit the jackal but do no damage.
The jackal is almost dead.
Your bat barely misses the jackal.
Your bat hits the jackal.
The jackal dies!
You swap places.
You see here a jackal corpse.
Your bat disappears in a puff of smoke!
Found a stone staircase leading down.
Your rat disappears in a puff of smoke!
There is a stone staircase leading down here.
You see here a +0 chain mail.
You now have 10 gold pieces.
A bat comes into view.
A goblin and a rat come into view.
A rat and a goblin come into view.
The goblin shouts! x2
The goblin unwields a +0 dagger.
The goblin wields a +0 sling.
The goblin shoots a sling bullet.
The sling bullet hits you but does no damage.
You see here 10 gold pieces.
You now have 20 gold pieces (gained 10).
The goblin misses you. The goblin attacks as you move away!
The goblin misses you. The goblin hits you but does no damage.
You miscast Summon Small Mammal.
You are very lightly contaminated with residual magic.
Nothing appears to happen.
The goblin barely misses you.
Your bat barely misses the goblin.
Your bat hits the goblin. x2; The goblin misses you.
You closely miss the goblin.
The goblin is heavily wounded.
Your bat hits the goblin. The goblin misses you.
You hit the goblin.
You kill the goblin!
Your bat barely misses the rat.
The rat misses your bat. The rat bites your bat.
Your bat closely misses the rat.
The rat closely misses your bat. The rat bites your bat.
Your bat dies!
Your bat's corpse disappears in a puff of smoke!
You hit the rat but do no damage. The bat barely misses your rat.
The bat hits your rat but does no damage.
Your rat bites the bat.
The rat bites your rat.
Your rat dies!
Your rat's corpse disappears in a puff of smoke!
The bat hits you.
Your magical contamination has completely faded away.
The rat attacks as you move away! The rat bites you.
The rat attacks as you move away! The rat barely misses you.
The rat closely misses your bat.
Your bat hits the rat but does no damage.
You hit the rat.
You kill the rat!
Your bat hits the rat but does no damage.
Your bat hits the goblin.
The goblin shoots a sling bullet.
The sling bullet closely misses your bat.
The sling bullet misses you.
You barely miss the rat. Your bat misses the bat.
The bat closely misses your bat.
Your bat closely misses the rat.
The bat misses your bat.
Your bat hits the goblin. The bat hits your bat. The rat bites you.
The goblin shoots a sling bullet.
The sling bullet misses your bat. The sling bullet hits you.
* * * LOW HITPOINT WARNING * * *
Your bat hits the bat.
Casting: Summon Small Mammal (safe; 5% risk of failure)
Press: ? - help, Q - select action Dir - look around, f - activate The bat misses your bat.
Your bat hits the bat. The bat completely misses your bat.
Your bat barely misses the rat.
The bat hits your bat. The rat bites you.
* * * LOW HITPOINT WARNING * * *
The goblin shoots a sling bullet.
The sling bullet closely misses your bat.
The sling bullet closely misses you.
The sling bullet closely misses your rat.
Your bat hits the goblin. You hit the rat.
The rat is severely wounded.
The bat misses your bat.
Your bat barely misses the bat.
The bat barely misses your bat.
Your bat misses the bat. The bat barely misses your bat.
Your bat closely misses the goblin.
The rat bites you but does no damage.
The goblin shoots a sling bullet.
The sling bullet closely misses your bat.
The sling bullet hits you.
You die...

#### ....#
.###..#############
##
..................#
#.
#######......[.....#
#. ..
..#..#....>....## #.
##.#.##.##.#........#
#. $g.r
#.##.#.#####..###.
#.###.###@r....#
#......
#......gbr##.###
#..###.
##.#...#b###.#
#...... ##.##.# #
#..###§ #.##.. ....#
#. ....... ###.# #.
.....#### #.# ##
...... #( ......#


You could see a goblin, a bat (ally target), a rat (ally target), a friendly bat
(summoned) and a friendly rat (summoned).

Vanquished Creatures
  A goblin (D:2)
  A jackal (D:2)
  A rat (D:2)
3 creatures vanquished.

Vanquished Creatures (collateral kills)
  2 jackals (D:2)
2 creatures vanquished.

Grand Total: 5 creatures vanquished

Notes
Turn   | Place    | Note
-------+----------+-------------------------------------------
     0 | D:1      | browni3141 the Mummy Summoner began the quest for the Orb.
     0 | D:1      | Reached XP level 1. HP: 13/13 MP: 4/4
   147 | D:2      | Shot with a sling bullet by a goblin

Illustrated notes

Levels and vault maps discovered:
D:1:      dpeg_arrival_rooms_b, layout_basic, serial_shops, shop, serial_forest,
          infiniplex_forest_clump_double, infiniplex_forest_clump_C,
          infiniplex_forest_corner_1, infiniplex_forest_clump_diagonal,
          infiniplex_forest_straight_5, infiniplex_forest_diagonal,
          infiniplex_forest_straight_1, infiniplex_forest_join
D:2:      layout_loops_ring, minmay_door_square, kennysheep_nub,
          chequers_serial_rivers_small_3, minmay_split_cup_large

Action                     || total
---------------------------++-------
  Melee: Rapier            ||    19
         Punch             ||     1
   Cast: Summon Small Mamm ||     8
 Armour: Robe              ||     5
  Dodge: Dodged            ||    23
